 Dungeon Crawl Stone Soup version 0.18.1-48-g4cf74bf (webtiles) character file.

11 Heedrag the Sneak (level 2, 13/13 HPs)
             Began as a Vine Stalker Enchanter on Aug 26, 2016.
             Quit the game on level 1 of the Dungeon on Aug 27, 2016.
             The game lasted 00:01:28 (837 turns).

Heedrag the Sneak (Vine Stalker Enchanter)           Turns: 837, Time: 00:01:29

Health: 13/13      AC:  3    Str: 10    XL:     2   Next: 29%
Magic:  15/15      EV: 12    Int: 15    God:
Gold:   36         SH:  0    Dex: 14    Spells: 1 memorised, 4 levels left

rFire  . . .     SeeInvis .     h - +2 dagger (venom)
rCold  . . .     Gourm    .     b - +1 robe
rNeg   . . .     Faith    .     (no shield)
rPois  .         Spirit   +     (no helmet)
rElec  .         Dismiss  .     (no cloak)
rCorr  .         Reflect  .     (no gloves)
SustAt .         Harm     .     (no boots)
MR     .....                    (no amulet)
Stlth  ++........               (no ring)
                                i - ring of magical power

@: not resistant to hostile enchantments, unstealthy
A: fangs 2, regeneration 1, magic shield, antimagic bite, no device heal 3, rot
immunity
a: no special abilities


You were on level 1 of the Dungeon.
You were not hungry.

You visited 1 branch of the dungeon, and saw 1 of its levels.

You collected 36 gold pieces.

Inventory:

Hand Weapons
 a - a +1 dagger
 h - a +2 dagger of venom (weapon)
Missiles
 l - 7 javelins (quivered)
Armour
 b - a +1 robe (worn)
Jewellery
 i - a ring of magical power (left hand)
Scrolls
 e - 2 scrolls of identify {unknown}
 j - a scroll of fog {unknown}
Potions
 k - a potion of haste {unknown}
Books
 c - a book of Maledictions

   Spells                             Type                      Level
   a - Corona                         Hexes                        1
   b - Ensorcelled Hibernation        Hexes/Ice                    2
   c - Confuse                        Hexes                        3
   d - Tukima's Dance                 Hexes                        3
   e - Dazzling Spray                 Conjuration/Hexes            3
Comestibles
 d - a bread ration
 g - a slice of pizza


   Skills:
 * Level 2.0 Short Blades
 - Level 1.5 Dodging
 + Level 3.7 Stealth
 - Level 2.1 Spellcasting
 - Level 3.0 Hexes


You had 4 spell levels left.
You knew the following spells:

 Your Spells              Type           Power        Failure   Level  Hunger
a - Corona                Hex            ##.....      8%          1    #......


Dungeon Overview and Level Annotations

Branches:
Dungeon (1/15)

Altars:


Innate Abilities, Weirdness & Mutations

You have extremely sharp teeth.
Your natural rate of healing is unusually fast.
When hurt, damage is shared between your health and your magic reserves.
Your bite disrupts and absorbs the magic of your enemies.
Potions and wands cannot restore your health.
You are immune to rotting.


Message History

Found a rin' mail.
Thar be an op'n door 'ere.
Ye now haf 36 gold pieces (gain'd 7).
Thar be an op'n door 'ere.
Thar be an op'n door 'ere.
Found a mace.
Ye see 'ere a mace.
Found a stone staircase leadin' down.
Thar be a stone staircase leadin' down 'ere.
Some o' tha chunks o' flesh in yer inventory haf rotted away.
Ye see 'ere a huntin' slin'.
Ye see 'ere a club.
All o' tha chunks o' flesh in yer inventory haf rotted away.
Done 'splorin'.
Done 'splorin'.
Done 'splorin'.
Savin' game... please wait.
Welcome back, Heedrag tha Vine Stalker Enchanter.
Press ? fer a list o' commands an' othar information.
Be ye sure ye want ta abandon 'tis character an' quit tha game? (Confirm wit' "aye".)

.## #.....# ..##
#.....##### ...##
#.........#
....####.....###.#
....+........# #.#
....##.#.....# #.#
...###.#..##.# #.#
..## #.......###.#
>## ###........@#
## ##.######## #
#.# # #.# ## #.#
.## #.# ..# #.#
^########.#
###.......#


There were no monsters in sight!

Vanquished Creatures
  2 giant cockroaches (D:1)
  A hobgoblin (D:1)
  3 bats (D:1)
  2 giant newts (D:1)
  2 kobolds (D:1)
  A rat (D:1)
11 creatures vanquished.

Notes
Turn   | Place    | Note
--------------------------------------------------------------
     0 | D:1      | Heedrag the Vine Stalker Enchanter began the quest for the Orb.
     0 | D:1      | Reached XP level 1. HP: 9/9 MP: 4/4
     8 | D:1      | Reached skill level 1 in Short Blades
   238 | D:1      | Reached XP level 2. HP: 13/13 MP: 6/6
   837 | D:1      | Quit the game

Skill      XL: |  1  2 |
---------------+-------+-----
Short Blades   | 1 2 |  2.0
Dodging        | |  1.5
Stealth        | |  3.7
Spellcasting   | |  2.1
Hexes          | |  3.0

Action                   || total
-------------------------++-------
Melee: Dagger            ||    15
       Bite              ||     3
 Stab: Sleeping          ||     4
Armor: Robe              ||     4
Dodge: Dodged            ||    10
